[Event "Titled Tuesday Blitz March 28 Early 2023"]
[White "Valgmae, Toomas"]
[Black "Tokhirjonova, Gulrukhbegim"]
[WhiteFideId "4502523"]
[BlackFideId "14203626"]
[WhiteElo "2170"]
[BlackElo "2268"]
[Result "1-0"]
[Round "07"]
[TimeControl "180+2"]
[Date "2023.03.28"]
[WhiteClock "0:00:34"]
[BlackClock "0:00:15"]

1. d4 Nf6 2. c4 e6 3. Nc3 b6 4. Nf3 Bb4 5. Qb3 a5 6. a3 Be7 7. g3 Bb7 8. Bg2 O-O 9. O-O d6 10. Rd1 Nbd7 11. Qc2 c5 12. e4 Rc8 13. d5 exd5 14. exd5 Re8 15. Re1 Ng4 16. b3 Bf6 17. Bb2 Nge5 18. Ne4 Nxf3+ 19. Bxf3 Bxb2 20. Qxb2 Ne5 21. Be2 h6 22. f4 Ng6 23. Bg4 Rc7 24. Re3 Rce7 25. Rae1 Qc7 26. Bf5 Nf8 27. Qe2 Kh8 28. Kf2 a4 29. b4 b5 30. bxc5 Rxe4 31. Rxe4 Qxc5+ 32. Qe3 Qxe3+ 33. R1xe3 Rxe4 34. Rxe4 g6 35. Re8 Kg7 36. Rb8 bxc4 37. Rxb7 gxf5 38. Ke3 Nh7 39. Kd4 Nf6 40. Ra7 Ng4 41. Rxa4 Nxh2 42. Rxc4 Nf1 43. Rc3 h5 44. a4 1-0


[Site "https://www.chess.com"]

[Event "Titled Tuesday Blitz March 28 Early 2023"]
[White "Mazurkiewicz, Michal"]
[Black "Souleidis, Georgios"]
[WhiteFideId "1124943"]
[BlackFideId "4206827"]
[WhiteElo "2054"]
[BlackElo "2401"]
[Result "0-1"]
[Round "07"]
[TimeControl "180+2"]
[Date "2023.03.28"]
[WhiteClock "0:00:05"]
[BlackClock "0:00:18"]

1. e4 c5 2. Nf3 e6 3. d3 Nc6 4. g3 d5 5. Nbd2 Nge7 6. Bg2 g6 7. O-O Bg7 8. Re1 O-O 9. Qe2 h6 10. h4 b6 11. c3 a5 12. Nf1 Ba6 13. e5 Rc8 14. Bf4 Nf5 15. Qd2 Kh7 16. Bh3 a4 17. a3 Na5 18. Rad1 Nb3 19. Qc2 b5 20. Qb1 b4 21. axb4 cxb4 22. cxb4 Qb6 23. g4 Nfd4 24. Nxd4 Qxd4 25. Be3 Qxb4 26. d4 Qc4 27. h5 Qc2 28. hxg6+ fxg6 29. g5 Qxb1 30. Rxb1 Rc6 31. gxh6 Bxh6 32. Bxh6 Kxh6 33. Rbd1 Rf3 34. Bg2 Rf4 35. Bxd5 exd5 36. e6 Rc8 37. Ne3 Bb7 38. Kg2 Rxd4 39. Kg3 Rxd1 40. Rxd1 d4 41. Ng4+ Kg7 42. Re1 Re8 43. f4 d3 44. Ne5 d2 45. Rd1 Rxe6 46. Nc4 Be4 47. Nxd2 Bc2 48. Rh1 Nxd2 49. Rh2 Ne4+ 50. Kg4 Bb3 51. Re2 Kf6 52. Kf3 Nc5 53. Rg2 Bd5+ 54. Kg3 Bxg2 55. b4 axb3 56. f5 Kxf5 57. Kf2 Bc6 58. Kg3 Be8 0-1


[Site "https://www.chess.com"]

[Event "Titled Tuesday Blitz March 28 Early 2023"]
[White "Martic, Ivan"]
[Black "Vaglio Munoz, Jaime"]
[WhiteFideId "929301"]
[BlackFideId "6500145"]
[WhiteElo "2360"]
[BlackElo "2199"]
[Result "1-0"]
[Round "07"]
[TimeControl "180+2"]
[Date "2023.03.28"]
[WhiteClock "0:00:17"]
[BlackClock "0:00:04"]

1. d4 e6 2. e4 d5 3. e5 c5 4. c3 Qb6 5. Nf3 Bd7 6. Be2 cxd4 7. cxd4 Bb5 8. Nc3 Bxe2 9. Nxe2 Nc6 10. O-O Nge7 11. Ng3 h5 12. h4 g6 13. Bg5 Nf5 14. Nxf5 gxf5 15. Bf6 Rg8 16. Ng5 Nxd4 17. Qxh5 Rg6 18. Rad1 Qxb2 19. Rxd4 Qxd4 20. Nxe6 Qe4 21. g3 Kd7 22. Ng5 Qg4 23. Qh7 Bc5 24. Qxf7+ Kc6 25. Kh2 Rxg5 26. Qe6+ Kb5 27. Bxg5 Qe4 28. Qd7+ Ka6 29. e6 Qc4 30. Rb1 b6 31. e7 Qc2 32. Qb5+ Kb7 33. Rf1 1-0


[Site "https://www.chess.com"]

[Event "Titled Tuesday Blitz March 28 Early 2023"]
[White "Shvedova, Alexandra"]
[Black "Priyanka Nutakki"]
[WhiteFideId "54154782"]
[BlackFideId "25049615"]
[WhiteElo "2057"]
[BlackElo "2256"]
[Result "0-1"]
[Round "07"]
[TimeControl "180+2"]
[Date "2023.03.28"]
[WhiteClock "0:01:03"]
[BlackClock "0:01:18"]

1. e4 e6 2. d4 d5 3. Nd2 Nc6 4. Ngf3 Nf6 5. e5 Nd7 6. Bd3 f6 7. Ng5 Ndxe5 8. dxe5 Nxe5 9. Ngf3 Nxd3+ 10. cxd3 Bd6 11. d4 O-O 12. Nb3 c6 13. O-O e5 14. Re1 Bg4 15. h3 Bh5 16. g4 Bg6 17. dxe5 fxe5 18. Nxe5 Qh4 19. Nf3 Qxh3 20. Nbd4 Be4 21. Qb3 Bh2+ 22. Kh1 Rxf3 23. Rxe4 Bg3+ 24. Kg1 Qh2+ 25. Kf1 Qxf2# 0-1


[Site "https://www.chess.com"]

[Event "Titled Tuesday Blitz March 28 Early 2023"]
[White "Ezat, Mohamed"]
[Black "Fernandez Garcia, Gumersindo"]
[WhiteFideId "10600906"]
[BlackFideId "24516740"]
[WhiteElo "2386"]
[BlackElo "2093"]
[Result "0-1"]
[Round "07"]
[TimeControl "180+2"]
[Date "2023.03.28"]
[WhiteClock "0:01:41"]
[BlackClock "0:01:59"]

1. e4 c5 2. d4 cxd4 3. c3 dxc3 4. Nxc3 Nc6 5. Nf3 e6 6. Bc4 Nf6 7. O-O Qc7 8. Qe2 Ng4 9. g3 a6 10. Bf4 Nge5 11. Bb3 d6 12. Nd5 Nxf3+ 13. Qxf3 exd5 14. exd5 Ne5 15. Rfe1 Be7 16. Bxe5 dxe5 17. d6 Bxd6 18. Rac1 Qe7 19. Red1 O-O 20. Qd5 Bb4 21. a3 Be6 22. Qxe5 Bxb3 23. Qxe7 Bxe7 0-1


[Site "https://www.chess.com"]

[Event "Titled Tuesday Blitz March 28 Early 2023"]
[White "Kopczynski, Michal"]
[Black "Drori, Saar"]
[WhiteFideId "1124200"]
[BlackFideId "2812444"]
[WhiteElo "2212"]
[BlackElo "2322"]
[Result "0-1"]
[Round "07"]
[TimeControl "180+2"]
[Date "2023.03.28"]
[WhiteClock "0:00:21"]
[BlackClock "0:00:39"]

1. e4 c5 2. d4 cxd4 3. c3 dxc3 4. Nxc3 Nc6 5. f4 g6 6. Nf3 Bg7 7. Bc4 e6 8. f5 Nge7 9. fxg6 fxg6 10. O-O O-O 11. Bg5 Qb6+ 12. Kh1 Qxb2 13. Nd5 Nxd5 14. exd5 Qxa1 15. Qa4 Qb2 16. dxc6 bxc6 17. Bb3 Rb8 18. Be7 Rf7 19. Bd6 Rb5 20. Qxa7 Rg5 21. Rg1 Rxf3 22. Qb8 Qxg2+ 0-1


[Site "https://www.chess.com"]

[Event "Titled Tuesday Blitz March 28 Early 2023"]
[White "Ordekalog"]
[Black "Senft, Sean"]
[BlackFideId "2044960"]
[WhiteElo "2566"]
[BlackElo "1989"]
[Result "1-0"]
[Round "07"]
[TimeControl "180+2"]
[Date "2023.03.28"]
[WhiteClock "0:01:20"]
[BlackClock "0:00:02"]

1. e4 e5 2. Nf3 Nc6 3. Bb5 Nf6 4. d3 Bc5 5. c3 d6 6. O-O O-O 7. Bg5 a6 8. Ba4 Ba7 9. Nbd2 h6 10. Bh4 Be6 11. d4 exd4 12. Bxc6 dxc3 13. Bxb7 Rb8 14. Bxa6 cxd2 15. Qxd2 Rb6 16. Bd3 Qb8 17. b3 Nd7 18. Nd4 Nc5 19. Bc2 Rb4 20. Nc6 Qb6 21. Nxb4 c6 22. Be7 Re8 23. Bxd6 Rd8 24. e5 Nd7 25. Qd3 g6 26. Qf3 c5 27. Nd5 Nxe5 28. Bxe5 Bxd5 29. Qf6 Qxf6 30. Bxf6 1-0


[Site "https://www.chess.com"]

[Event "Titled Tuesday Blitz March 28 Early 2023"]
[White "Pasti, Aron"]
[Black "Derjabin, Ilja"]
[WhiteFideId "785857"]
[BlackFideId "14104768"]
[WhiteElo "2173"]
[BlackElo "2309"]
[Result "0-1"]
[Round "07"]
[TimeControl "180+2"]
[Date "2023.03.28"]
[WhiteClock "0:02:23"]
[BlackClock "0:02:05"]

1. e4 c5 2. d4 cxd4 3. c3 d3 4. Bxd3 g6 5. Nf3 Bg7 6. O-O d6 7. Qb3 Nf6 8. Bg5 O-O 9. Nbd2 Nc6 10. Rfe1 Be6 11. Qxb7 Na5 12. Qb4 Nd7 13. Rad1 Nc5 14. Bf1 Bxa2 15. Bxe7 Qxe7 16. Qa4 Nxa4 0-1


[Site "https://www.chess.com"]

[Event "Titled Tuesday Blitz March 28 Early 2023"]
[White "Castellanos Villela, Alejandro"]
[Black "Devaev, Alexander"]
[WhiteFideId "3446379"]
[BlackFideId "4169395"]
[WhiteElo "2102"]
[BlackElo "2225"]
[Result "1-0"]
[Round "07"]
[TimeControl "180+2"]
[Date "2023.03.28"]
[WhiteClock "0:01:52"]
[BlackClock "0:00:07"]

1. d4 Nf6 2. c4 e6 3. Nc3 Bb4 4. f3 c5 5. d5 d6 6. e4 e5 7. Bd3 Bxc3+ 8. bxc3 Nbd7 9. Ne2 Nf8 10. a4 h6 11. a5 g5 12. h4 g4 13. f4 Ng6 14. h5 Nxf4 15. Nxf4 exf4 16. Bxf4 Qe7 17. Qd2 Nd7 18. Bxh6 Ne5 19. Bf4 Bd7 20. Be2 O-O-O 21. h6 f5 22. Bg5 Qf7 23. Bxd8 Kxd8 24. exf5 Bxf5 25. O-O-O Qc7 26. Qg5+ Ke8 27. Qxf5 Qxa5 28. Qe6+ Kd8 29. Qxd6+ Nd7 30. Kb2 Rf8 31. Ra1 1-0


[Site "https://www.chess.com"]

[Event "Titled Tuesday Blitz March 28 Early 2023"]
[White "Iljin, Timofey"]
[Black "Degenbaev, Aziz"]
[WhiteFideId "14110180"]
[BlackFideId "13802640"]
[WhiteElo "2397"]
[BlackElo "2152"]
[Result "1-0"]
[Round "07"]
[TimeControl "180+2"]
[Date "2023.03.28"]
[WhiteClock "0:00:10"]
[BlackClock "0:00:13"]

1. e4 c5 2. c3 Nf6 3. e5 Nd5 4. d4 cxd4 5. cxd4 Nc6 6. Nf3 d6 7. Bc4 dxe5 8. dxe5 Ndb4 9. O-O Qxd1 10. Rxd1 Nc2 11. Na3 Nxa3 12. bxa3 e6 13. Rb1 Be7 14. a4 a6 15. Bf4 O-O 16. Be3 Rd8 17. Bb6 Re8 18. Kf1 g5 19. h3 h6 20. Ke2 Bf8 21. Ke3 Ne7 22. Ke4 Ng6 23. g3 Bg7 24. a5 Nf8 25. Rd2 Bd7 26. Ke3 Rac8 27. Bd3 Bc6 28. Be4 Bxe4 29. Kxe4 Ng6 30. h4 Rc4+ 31. Bd4 g4 32. h5 Ne7 33. Kd3 Ra4 34. Ne1 Nc6 35. Bc3 Nxe5+ 36. Bxe5 Bxe5 37. Rxb7 Rd8+ 38. Ke2 Re4+ 39. Kd1 Rc8 40. Rdd7 Bc3 41. Nd3 Rd4 42. Rxd4 Bxd4 43. Kd2 e5 44. Rd7 Rc4 45. Rd6 Ra4 46. Rxa6 Rxa2+ 47. Ke1 e4 48. Nf4 Bxf2+ 49. Kf1 Bxg3 50. Ne2 Be5 51. Ra8+ Kg7 52. a6 e3 53. a7 Ra1+ 54. Kg2 Ra2 55. Kf1 g3 56. Re8 Rxa7 57. Rxe5 Ra1+ 58. Kg2 f5 59. Rxe3 Ra2 60. Kxg3 Kf6 61. Kf2 Kg5 62. Rh3 Kg4 63. Rh1 f4 64. Rg1+ Kxh5 65. Kf3 Kh4 66. Nxf4 h5 67. Ng6+ Kh3 68. Rh1+ Rh2 69. Nf4+ Kh4 70. Rxh2+ Kg5 71. Rxh5+ Kf6 72. Ke4 Ke7 73. Ra5 Kd8 74. Kd5 Kc8 75. Ne6 Kb8 76. Rc5 Ka8 77. Rc7 Kb8 78. Kc6 Ka8 79. Nd4 Kb8 80. Nb5 Ka8 81. Ra7+ Kb8 82. Ra1 Kc8 83. Ra8# 1-0


[Site "https://www.chess.com"]

[Event "Titled Tuesday Blitz March 28 Early 2023"]
[White "Silva Lucena, Cristian"]
[Black "Ibadov, Dashgyn"]
[WhiteFideId "2232588"]
[BlackFideId "24107514"]
[WhiteElo "2223"]
[BlackElo "2208"]
[Result "1-0"]
[Round "07"]
[TimeControl "180+2"]
[Date "2023.03.28"]
[WhiteClock "0:01:47"]
[BlackClock "0:00:35"]

1. d4 Nf6 2. c4 c5 3. Nf3 e6 4. g3 cxd4 5. Nxd4 d5 6. Bg2 e5 7. Nb5 d4 8. O-O a6 9. N5a3 Nc6 10. e3 Be7 11. exd4 Nxd4 12. Nc3 Bg4 13. Qa4+ Bd7 14. Qd1 Bc6 15. Nc2 Bxg2 16. Kxg2 O-O 17. Nxd4 exd4 18. Ne2 Bc5 19. Bg5 h6 20. Bxf6 Qxf6 21. Nf4 Rad8 22. Qf3 d3 23. b3 b5 24. cxb5 axb5 25. Rad1 d2 26. Qe2 Rfe8 27. Qxb5 Qc3 28. Qc4 Qxc4 29. bxc4 Bb4 30. Nd5 Re1 31. Nxb4 1-0


[Site "https://www.chess.com"]

[Event "Titled Tuesday Blitz March 28 Early 2023"]
[White "Fiorito, Joaquin"]
[Black "Boraso, Alessio"]
[WhiteFideId "180173"]
[BlackFideId "848077"]
[WhiteElo "2157"]
[BlackElo "2286"]
[Result "1-0"]
[Round "07"]
[TimeControl "180+2"]
[Date "2023.03.28"]
[WhiteClock "0:00:18"]
[BlackClock "0:00:08"]

1. d4 Nf6 2. c4 c5 3. Nf3 cxd4 4. Nxd4 Nc6 5. g3 g6 6. Bg2 Bg7 7. Nc3 O-O 8. O-O d6 9. Nxc6 bxc6 10. Bxc6 Rb8 11. Bg2 Be6 12. Qa4 Nd7 13. Nd5 Nb6 14. Qxa7 Nxc4 15. Nxe7+ Kh8 16. Nc6 Qb6 17. Qxb6 Rxb6 18. a4 d5 19. Ne7 Rd8 20. Rd1 Nxb2 21. Bxb2 Rxb2 22. Bxd5 Bxd5 23. Rxd5 Re8 24. Re1 Bc3 25. Rc1 Bf6 26. Rc8 Rxc8 27. Nxc8 Rxe2 28. a5 Ra2 29. Nb6 Bc3 30. Nc4 Ra4 31. Rc5 Ra2 32. Rc8+ Kg7 33. Rc6 Bd4 34. a6 Rxf2 35. Kh1 Rc2 36. Rc7 g5 37. Rc6 g4 38. Ne5 Ra2 39. Nxg4 h5 40. Rc4 Ra1+ 41. Kg2 Rg1+ 42. Kh3 hxg4+ 43. Kxg4 Bf2 44. Rc2 Ba7 45. Rc7 Be3 46. Rc3 Bd4 47. Rc4 Bf2 48. Ra4 Ba7 49. h4 Rb1 50. Ra3 Rb2 51. Kh3 Rb5 52. Kg4 Rb6 53. Ra4 Rc6 54. Kh3 Rc7 55. g4 Rc3+ 56. Kg2 Kg6 57. Ra5 Rb3 58. h5+ Kh6 59. Kh2 Rc3 60. Rf5 Rc7 61. Rb5 Rc6 62. Rb7 Rxa6 63. Rxf7 Ra3 64. Rf5 Bb8+ 65. Kg2 Bc7 66. Kf2 Bd8 67. Rd5 Bg5 68. Kg2 Ra2+ 69. Kf3 Ra3+ 70. Ke4 Ra4+ 71. Ke5 Rf4 72. Rd6+ Kh7 73. Rg6 Rxg4 74. Kf5 Rf4+ 75. Kxg5 Ra4 76. Rc6 Ra5+ 77. Kg4 Ra4+ 78. Kf5 Ra5+ 79. Kg4 Rb5 80. Rc7+ Kh6 81. Rc6+ Kh7 82. Rc4 Rd5 83. Kh4 Rd7 84. Rg4 Re7 85. Rf4 Kh8 86. Kg5 Rg7+ 87. Kh6 Rh7+ 88. Kg6 Rg7+ 89. Kf6 Rg8 90. Re4 Rf8+ 91. Kg6 Rg8+ 92. Kh6 Rb8 93. Re6 Rc8 94. Rf6 Rd8 95. Kg6 Rc8 96. h6 Rg8+ 97. Kf7 Ra8 98. Kg6 Rg8+ 99. Kh5 Rb8 100. Re6 Rc8 101. Re7 Rd8 102. Kg6 Re8 103. Rxe8# 1-0


[Site "https://www.chess.com"]

[Event "Titled Tuesday Blitz March 28 Early 2023"]
[White "Chan, Kim Yew"]
[Black "Staudenhocker43"]
[WhiteFideId "5717981"]
[WhiteElo "2206"]
[BlackElo "2545"]
[Result "1/2-1/2"]
[Round "07"]
[TimeControl "180+2"]
[Date "2023.03.28"]
[WhiteClock "0:00:16"]
[BlackClock "0:00:33"]

1. Nf3 Nf6 2. c4 g6 3. g3 Bg7 4. Bg2 O-O 5. d4 d6 6. Nc3 c5 7. O-O Nc6 8. dxc5 dxc5 9. Be3 Be6 10. Qa4 Nd4 11. Rac1 Nd7 12. Bxd4 cxd4 13. Ne4 Nb6 14. Qb4 Rc8 15. b3 Bf5 16. Nh4 Bxe4 17. Bxe4 Qc7 18. Bg2 Qc5 19. Qxc5 Rxc5 20. Bxb7 a5 21. Ba6 Rd8 22. Rfd1 e5 23. a3 e4 24. b4 axb4 25. axb4 Rc7 26. Ng2 f5 27. Nf4 Ra7 28. Bb5 Bh6 29. Ne6 Rd6 30. c5 Rxe6 31. cxb6 Rxb6 32. Bc4+ Kg7 33. Rb1 Rc7 34. Rxd4 Kf6 35. Ba2 Bf8 36. b5 Bc5 37. Rd8 Ra7 38. Bc4 Ra4 39. Rc1 Be7 40. Rd7 Rd6 41. Rxd6+ Bxd6 42. b6 Rb4 43. Bg8 Rxb6 44. Rc8 h5 45. h4 Kg7 46. e3 Rb7 47. Bd5 Rc7 48. Rxc7+ Bxc7 49. Kf1 Kf6 50. Ke2 g5 51. hxg5+ Kxg5 52. Be6 Be5 53. Bd7 Bf6 54. Be6 Kg6 55. Ke1 h4 56. gxh4 Bxh4 57. Ke2 Kf6 58. Bd7 Ke5 59. Bb5 Be7 60. Bc4 Bc5 61. Bb3 f4 62. Bc2 f3+ 63. Ke1 Bb4+ 64. Kf1 Bc3 65. Bb1 Kd5 66. Bc2 Ke5 67. Bb1 Bd2 68. Bc2 Kf5 69. Bb1 Ke5 70. Bc2 Kd5 71. Bb1 Bb4 72. Bc2 Bc3 73. Bb1 Bd2 74. Ba2+ Ke5 75. Bb1 Bc3 76. Bc2 Bd2 77. Bb1 Bc3 78. Bc2 Bd2 79. Bb1 1/2-1/2


[Site "https://www.chess.com"]

[Event "Titled Tuesday Blitz March 28 Early 2023"]
[White "lemayvega"]
[Black "Bochnicka, Vladimir"]
[BlackFideId "14943450"]
[WhiteElo "2534"]
[BlackElo "2094"]
[Result "1-0"]
[Round "07"]
[TimeControl "180+2"]
[Date "2023.03.28"]
[WhiteClock "0:00:05"]
[BlackClock "0:00:03"]

1. e4 c5 2. Nf3 Nc6 3. Bb5 e6 4. O-O Nge7 5. Re1 a6 6. Bf1 d5 7. exd5 Nxd5 8. a4 Nf6 9. Nc3 Bd6 10. h3 O-O 11. d3 b6 12. Bg5 Bb7 13. g3 h6 14. Bxf6 Qxf6 15. Ne4 Qe7 16. Nxd6 Qxd6 17. Bg2 Nd4 18. Nxd4 Bxg2 19. Nf5 exf5 20. Kxg2 f4 21. g4 f5 22. Qf3 fxg4 23. hxg4 Rae8 24. c3 Re6 25. Re4 Rg6 26. Kf1 Qf6 27. Ke2 Qg5 28. Rh1 Qxg4 29. Qxg4 Rxg4 30. Kf3 Rg6 31. Rxf4 Re8 32. a5 bxa5 33. Rh5 Rb6 34. Rxc5 Rxb2 35. Rxa5 Rb6 36. Rd5 g5 37. Rff5 Rf8 38. Rxf8+ Kxf8 39. c4 Kf7 40. Rd7+ Ke6 41. Rh7 Ke5 42. Ke3 a5 43. d4+ Kf5 44. Ra7 Rb3+ 45. Ke2 Ke4 46. d5 Rb2+ 47. Kf1 Ra2 48. d6 Kf3 49. Rf7+ Kg4 50. d7 Rd2 51. c5 a4 52. c6 a3 53. Rf8 a2 54. Ra8 h5 55. Kg2 h4 56. Ra4+ Kh5 57. Rxa2 Rxa2 58. d8=Q h3+ 59. Kg3 Ra3+ 60. f3 g4 61. Qh8+ Kg5 62. Qg8+ Kf5 63. Qf8+ 1-0


[Site "https://www.chess.com"]

[Event "Titled Tuesday Blitz March 28 Early 2023"]
[White "Girya, Olga"]
[Black "Sliwicki, Damian"]
[WhiteFideId "4195752"]
[BlackFideId "1127128"]
[WhiteElo "2263"]
[BlackElo "2030"]
[Result "1-0"]
[Round "07"]
[TimeControl "180+2"]
[Date "2023.03.28"]
[WhiteClock "0:01:13"]
[BlackClock "0:00:05"]

1. d4 Nf6 2. Nf3 e6 3. c4 Bb4+ 4. Bd2 Qe7 5. g3 b6 6. Bg2 Bb7 7. O-O Bxd2 8. Qxd2 O-O 9. Qd3 d6 10. Nc3 e5 11. dxe5 dxe5 12. Ng5 Bxg2 13. Kxg2 c6 14. Rad1 Nbd7 15. Qd6 Rfe8 16. Qxe7 Rxe7 17. Rd6 Rc8 18. Rfd1 h6 19. Nge4 Nxe4 20. Nxe4 Rc7 21. b4 Kf8 22. g4 Ke8 23. h4 f6 24. h5 Kd8 25. Ng3 Kc8 26. Nf5 Rf7 27. Re6 c5 28. Nd6+ 1-0


[Site "https://www.chess.com"]

[Event "Titled Tuesday Blitz March 28 Early 2023"]
[White "Shevtchenko, Olesya"]
[Black "Manon-og, Ramon Jr."]
[WhiteFideId "24131890"]
[BlackFideId "5200776"]
[WhiteElo "2003"]
[BlackElo "2374"]
[Result "1-0"]
[Round "07"]
[TimeControl "180+2"]
[Date "2023.03.28"]
[WhiteClock "0:01:10"]
[BlackClock "0:00:02"]

1. e4 c5 2. Nc3 d6 3. d4 cxd4 4. Qxd4 Nc6 5. Qd2 Nf6 6. b3 e6 7. Bb2 Be7 8. O-O-O O-O 9. Kb1 a6 10. f3 b5 11. g4 b4 12. Na4 Bb7 13. h4 d5 14. e5 Nd7 15. f4 Nc5 16. Nxc5 Bxc5 17. Nf3 a5 18. Bb5 Qb6 19. Bxc6 Bxc6 20. Bd4 a4 21. Bxc5 Qxc5 22. Nd4 axb3 23. cxb3 Bb5 24. Rc1 Qb6 25. f5 Qa6 26. f6 Bd3+ 27. Ka1 Ra7 28. Rh2 Rfa8 29. Nc6 Rc7 30. Ne7+ Rxe7 31. fxe7 Be4 32. Qxb4 Re8 33. h5 Qa7 34. Qc5 Qb7 35. h6 gxh6 36. Rxh6 Rxe7 37. Qc8+ Kg7 38. Qxb7 Rxb7 39. Rh2 d4 40. Rc4 Rd7 41. Rd2 d3 42. Rxe4 1-0


[Site "https://www.chess.com"]

[Event "Titled Tuesday Blitz March 28 Early 2023"]
[White "Hajiyev, Kanan"]
[Black "Mika, Tomasz"]
[WhiteFideId "13404148"]
[BlackFideId "1132970"]
[WhiteElo "2103"]
[BlackElo "2179"]
[Result "1-0"]
[Round "07"]
[TimeControl "180+2"]
[Date "2023.03.28"]
[WhiteClock "0:00:24"]
[BlackClock "0:00:32"]

1. d4 d6 2. Nf3 Nf6 3. g3 g6 4. Bg2 Bg7 5. O-O O-O 6. b3 c5 7. Bb2 cxd4 8. Nxd4 Qc7 9. c4 Nc6 10. Nc3 Nxd4 11. Qxd4 a6 12. Nd5 Qd8 13. Rad1 Rb8 14. Qa7 Nxd5 15. Bxg7 Kxg7 16. Qxb8 Qb6 17. Rxd5 Be6 18. c5 Qc6 19. Rxd6 Qxc5 20. Rd8 1-0


[Site "https://www.chess.com"]

[Event "Titled Tuesday Blitz March 28 Early 2023"]
[White "Zaragatski, Ilja"]
[Black "Rodriguez Santiago, Jaime"]
[WhiteFideId "4655192"]
[BlackFideId "3100898"]
[WhiteElo "2460"]
[BlackElo "2025"]
[Result "1-0"]
[Round "07"]
[TimeControl "180+2"]
[Date "2023.03.28"]
[WhiteClock "0:00:12"]
[BlackClock "0:00:25"]

1. e4 c6 2. Nf3 d5 3. Nc3 dxe4 4. Nxe4 Nf6 5. Qe2 Nxe4 6. Qxe4 Qa5 7. c3 Bf5 8. Qf4 e6 9. d4 Nd7 10. Nh4 Bg6 11. Be2 Be7 12. O-O Nf6 13. Nxg6 hxg6 14. Re1 O-O-O 15. h3 Bd6 16. Qf3 g5 17. b4 g4 18. bxa5 gxf3 19. Bxf3 Rdg8 20. a6 g5 21. axb7+ Kxb7 22. Rb1+ Kc7 23. c4 g4 24. hxg4 Nxg4 25. c5 Bh2+ 26. Kf1 Rh5 27. g3 Rf5 28. Bf4+ Rxf4 29. gxf4 Bxf4 30. Ke2 Nf6 31. Rg1 Rd8 32. Rg7 Rd7 33. Rb3 e5 34. dxe5 Bxe5 35. Rg5 Bd4 36. Rf5 Re7+ 37. Kf1 Nd7 38. Rd3 Be5 39. Ra3 f6 40. Rxa7+ Kb8 41. Ra3 Nxc5 42. Rh5 Kc7 43. Re3 Ne6 44. Re1 Nd4 45. Bd1 Rg7 46. Rh3 Kd6 47. Rd3 c5 48. a4 c4 49. Rc3 Kc5 50. Rc1 Rh7 51. Be2 Rh1+ 52. Kg2 Rh2+ 53. Kg1 Rh4 54. Rxc4+ Kd5 55. Rcc1 Re4 56. Kf1 Nxe2 57. Rxe2 Rxa4 58. Rd1+ Ke6 59. Rc2 Rf4 60. Ra2 Kf5 61. Rdd2 Rg4 62. Re2 Rf4 63. Rec2 Rg4 64. Ra3 Rf4 65. Rd3 Rg4 66. Rf3+ Rf4 67. Rxf4+ Kxf4 68. Ke2 Kf5 69. Rc4 Bf4 70. Kf3 Be5 71. Ra4 Bc3 72. Rc4 Be5 73. Rc5 Kg5 74. Ke4 Kg6 75. Rxe5 fxe5 76. Kxe5 Kg5 77. f4+ Kg6 78. Ke6 Kg7 79. f5 Kf8 80. Kf6 Kg8 81. Ke7 Kg7 82. f6+ Kh7 83. f7 1-0


[Site "https://www.chess.com"]

[Event "Titled Tuesday Blitz March 28 Early 2023"]
[White "babbilator"]
[Black "Karamsetty, Jeevan"]
[BlackFideId "2025337"]
[WhiteElo "2256"]
[BlackElo "2111"]
[Result "0-1"]
[Round "07"]
[TimeControl "180+2"]
[Date "2023.03.28"]
[WhiteClock "0:00:02"]
[BlackClock "0:00:08"]

1. e4 e5 2. Nc3 Nc6 3. Nf3 Nf6 4. Bb5 Bc5 5. O-O d6 6. d4 exd4 7. Nxd4 Bd7 8. Bxc6 bxc6 9. Nb3 Bb6 10. Qf3 h6 11. a4 a5 12. Be3 Qe7 13. Rfe1 O-O 14. Bxb6 cxb6 15. Rad1 Rfd8 16. Qg3 Bg4 17. f3 Be6 18. Nd4 Rac8 19. f4 Nh5 20. Qf3 Qh4 21. g3 Qh3 22. Qg2 Qg4 23. Rd2 Nf6 24. Nd1 d5 25. Nf2 Qh5 26. e5 Ng4 27. Nd3 c5 28. Nb5 c4 29. Nf2 Nxf2 30. Qxf2 Qg6 31. Nd4 Bf5 32. Nf3 Be4 33. Nd4 c3 34. bxc3 Rxc3 35. Rde2 Rdc8 0-1


[Site "https://www.chess.com"]

[Event "Titled Tuesday Blitz March 28 Early 2023"]
[White "Sanchez Alvares, Kelvin Antonio"]
[Black "Fernandez Sanchez, Mario Andres"]
[WhiteFideId "3906680"]
[BlackFideId "6501621"]
[WhiteElo "2217"]
[BlackElo "2050"]
[Result "1-0"]
[Round "07"]
[TimeControl "180+2"]
[Date "2023.03.28"]
[WhiteClock "0:00:11"]
[BlackClock "0:00:01"]

1. e4 c5 2. Nf3 Nc6 3. d4 cxd4 4. Nxd4 g6 5. c4 Nf6 6. Nc3 Nxd4 7. Qxd4 d6 8. Be3 Bg7 9. f3 O-O 10. Qd2 Be6 11. Rc1 a6 12. Be2 Rc8 13. b3 Nd7 14. O-O Qa5 15. Nd5 Qd8 16. Rfd1 Bxd5 17. cxd5 b5 18. Rc6 Nb8 19. Bb6 Qd7 20. Rc2 Rxc2 21. Qxc2 Rc8 22. Qd2 Qb7 23. Be3 Nd7 24. Rc1 h5 25. Kf1 Be5 26. g3 Bg7 27. Rxc8+ Qxc8 28. Qc1 Qxc1+ 29. Bxc1 Bd4 30. a4 bxa4 31. bxa4 Nc5 32. Bd1 Kg7 33. Bd2 f5 34. exf5 gxf5 35. f4 Kf6 36. a5 h4 37. gxh4 Ne4 38. Be1 Bc3 39. Bxc3+ Nxc3 40. Be2 Nxd5 41. Bxa6 e5 42. fxe5+ dxe5 43. Bb7 Nc7 44. a6 e4 45. a7 Ke5 46. h5 Kf6 47. h4 Kg7 48. Bc8 Kh6 49. Bxf5 Kxh5 50. Ke2 Kxh4 51. Ke3 Kg5 52. Kxe4 Kf6 53. Bg4 Ke7 54. Ke5 Na8 55. Kd5 Kd8 56. Kc6 Nc7 57. Kb7 Na8 58. Kxa8 Kc7 59. Bh3 Kb6 60. Kb8 1-0


[Site "https://www.chess.com"]

[Event "Titled Tuesday Blitz March 28 Early 2023"]
[White "mjelcic"]
[Black "Arencibia Monduy, Antonio"]
[BlackFideId "3507939"]
[WhiteElo "2246"]
[BlackElo "2511"]
[Result "0-1"]
[Round "07"]
[TimeControl "180+2"]
[Date "2023.03.28"]
[WhiteClock "0:00:27"]
[BlackClock "0:00:11"]

1. e4 e6 2. d3 d5 3. Nd2 c5 4. g3 Nc6 5. Bg2 Nf6 6. Ngf3 Qc7 7. O-O dxe4 8. dxe4 e5 9. c3 Be7 10. Qc2 O-O 11. a4 h6 12. Nc4 Be6 13. Ne3 Rad8 14. Nh4 Ng4 15. Nd5 Bxd5 16. exd5 Na5 17. Nf5 Nf6 18. b3 Nxd5 19. Rd1 Nf6 20. Ba3 b6 21. c4 Rxd1+ 22. Rxd1 Rd8 23. Bb2 Rxd1+ 24. Qxd1 Kf8 25. h4 Qd7 26. Qc2 Qe6 27. Ne3 g6 28. Nd5 Nc6 29. Qd2 Kg7 30. Bc1 Ng8 31. Be4 Nd4 32. Qe3 f5 33. Bb1 Bf6 34. h5 g5 35. f4 exf4 36. Qxe6 Nxe6 37. Bxf5 Nd4 38. Be4 Ne2+ 39. Kf2 Nxc1 40. gxf4 Nxb3 41. fxg5 Bxg5 42. Kg3 Nf6 43. Bh1 Nxd5 44. cxd5 Kf6 45. Kg4 Ke5 46. Bg2 c4 0-1


[Site "https://www.chess.com"]

[Event "Titled Tuesday Blitz March 28 Early 2023"]
[White "Jaskolka, Tomasz"]
[Black "Quirke, Jeffrey"]
[WhiteFideId "1170791"]
[BlackFideId "2013029"]
[WhiteElo "2155"]
[BlackElo "2244"]
[Result "1-0"]
[Round "07"]
[TimeControl "180+2"]
[Date "2023.03.28"]
[WhiteClock "0:00:04"]
[BlackClock "0:00:03"]

1. e4 Nf6 2. e5 Nd5 3. c4 Nb6 4. c5 Nd5 5. Nc3 c6 6. d4 d6 7. cxd6 exd6 8. Nxd5 cxd5 9. f4 Nc6 10. Nf3 Bf5 11. Be2 Be7 12. O-O O-O 13. Be3 Qb6 14. Qd2 Rac8 15. Kh1 Rfd8 16. Rac1 dxe5 17. fxe5 Bb4 18. Qd1 Be4 19. Ng5 Nxe5 20. Rxc8 Rxc8 21. Qb3 Nc4 22. Nxe4 Nxe3 23. Qxe3 dxe4 24. Qxe4 Bf8 25. d5 Qxb2 26. h3 Rc1 27. Qf5 Rxf1+ 28. Bxf1 Qxa2 29. Qc8 Qxd5 30. Be2 Qc6 31. Qa8 a6 32. Bf3 Qc1+ 33. Kh2 Qf4+ 34. Kh1 Qc1+ 35. Kh2 b5 36. Kg3 b4 37. Qb7 Qc3 38. Kh2 b3 39. Bd5 1-0


[Site "https://www.chess.com"]